Map: Lerilak Crest

Players

NoobSaibot - Winner!

  • Race: Zerg Zerg
  • League: Grandmaster

subzero - Winner!

  • Race: Zerg Zerg
  • League: Grandmaster

CunningStunt

  • Race: Terran Terran
  • League: Gold

Eric

  • Race: Terran Terran
  • League: Grandmaster

VOD

Have the link to the VOD?

Description

Time

  • Played on: Sept. 2, 2015, 12:59 a.m.
  • Length: 4:42
Show
View Real Time Build Order
Export as new Build Order

NoobSaibot Zerg - Winner!

Build Orders: Hatch First, Zergling Baneling 

Get SALT Encoding   

  12  0:01  Drone  
  13  0:08  Drone  
  14  0:35  Hatchery  
  13  0:37  Drone  
  13  0:42  Extractor  
  13  0:48  Drone  
  14  1:02  Spawning Pool  
  13  1:08  Overlord  
  13  1:14  Drone  
  14  1:30  Drone x2  
  16  1:40  Drone  
  16  1:46  Drone  
  18  1:48  Metabolic Boost  
  18  1:56  Queen  
  20  2:06  Baneling Nest  
  20  2:07  Drone  
  20  2:16  Zergling x4  
  22  2:26  Queen  
  24  2:31  Zergling x2  
  26  2:37  Zergling x4  
  26  2:44  Overlord  
  27  2:47  Zergling x2  
  28  3:04  Zergling x6  
  28  3:05  Zergling x4  
  33  3:13  Spore Crawler  
  33  3:15  Zergling x2  
  33  3:28  Zergling x6  
  33  3:33  Baneling x2  
  35  3:35  Baneling  
  35  3:36  Baneling  
  35  3:38  Baneling  
  35  3:44  Lair  
  33  4:08  Baneling x4  
  31  4:11  Zergling x8  
Show
View Real Time Build Order
Export as new Build Order

subzero Zerg - Winner!

Build Orders: Pool First 

Get SALT Encoding   

  12  0:04  Drone  
  13  0:12  Drone  
  14  0:23  Extractor  
  14  0:24  Extractor  
  14  0:26  Drone x2  
  16  0:43  Spawning Pool  
  16  0:48  Overlord  
  15  1:02  Extractor  
  14  1:06  Drone x2  
  14  1:07  Drone  
  17  1:18  Drone  
  18  1:28  Drone  
  19  1:42  Drone  
  19  1:44  Queen  
  22  1:49  Roach Warren  
  22  1:50  Overlord  
  21  2:01  Zergling x2  
  22  2:11  Zergling x2  
  22  2:24  Overlord  
  22  2:34  Zergling x2  
  23  2:41  Hatchery  
  23  2:43  Zergling x2  
  23  2:50  Drone, Extractor  
  23  2:53  Roach  
  25  2:59  Spore Crawler  
  25  3:02  Spine Crawler, Roach  
  25  3:10  Roach  
  27  3:18  Roach  
  29  3:23  Roach  
  29  3:24  Roach  
  33  3:28  Roach  
  33  3:32  Lair  
  35  3:37  Roach  
  37  4:05  Roach x3  
  41  4:12  Roach  
  41  4:13  Roach  
Show
View Real Time Build Order
Export as new Build Order

CunningStunt Terran 

Build Orders:  

Get SALT Encoding   

  12  0:01  SCV  
  13  0:13  SCV  
  14  0:17  Supply Depot  
  14  0:25  SCV  
  15  0:39  SCV  
  15  0:41  Barracks  
  16  0:51  SCV  
  17  1:03  SCV  
  18  1:15  SCV  
  19  1:27  SCV  
  19  1:31  Command Center, Supply Depot  
  20  1:35  Marine  
  21  1:43  SCV  
  21  1:47  Refinery  
  22  1:54  Marine  
  22  1:56  Bunker  
  22  1:57  SCV  
  24  2:09  SCV  
  24  2:12  Marine  
  27  2:30  SCV, Marine  
  27  2:47  Barracks  
  27  2:49  Barracks  
  27  2:51  SCV  
  27  2:52  Barracks  
  27  2:53  Engineering Bay, Marine  
  29  2:59  SCV  
  30  3:08  SCV  
  30  3:11  SCV  
  30  3:12  Marine  
  33  3:21  Supply Depot  
  33  3:24  SCV x2  
  35  3:39  Barracks Tech Lab  
  35  3:41  Barracks Tech Lab  
  35  3:42  Barracks Reactor x2  
  35  3:45  SCV x2  
  37  3:49  Refinery  
  37  3:57  SCV x2  
  37  4:01  Marauder  
  37  4:02  Marauder  
  43  4:09  SCV x2  
  45  4:17  Supply Depot  
  45  4:21  Marine  
  45  4:22  Marine x3  
  49  4:29  SCV x2  
  51  4:39  Supply Depot  
Show
View Real Time Build Order
Export as new Build Order

Eric Terran 

Build Orders:  

Get SALT Encoding   

  12  0:02  SCV  
  13  0:14  SCV  
  14  0:24  Supply Depot  
  14  0:26  SCV  
  15  0:46  SCV, Barracks  
  16  0:58  SCV  
  17  1:10  SCV  
  18  1:22  Command Center, SCV  
  19  1:33  Marine  
  19  1:34  SCV, Supply Depot  
  21  1:46  SCV  
  22  1:52  Marine  
  23  2:03  Command Center  
  23  2:10  SCV, Refinery  
  24  2:22  Marine  
  25  2:24  Orbital Command  
  25  2:39  Refinery, Marine  
  25  2:42  Orbital Command  
  26  2:53  SCV  
  27  3:06  Engineering Bay  
  27  3:13  Barracks x2  
  25  3:47  Orbital Command  
  25  3:48  SCV x2  
  26  4:14  SCV x3  
  28  4:17  Marine  
  28  4:24  Marine  
Tags
 
Add a new tag
Caveats
  • Supply blocks, unpowered buildings, or Contaminate may cause inaccurate times.
  • Supply counts are checked every 10 seconds.